Map: Cyber Forest LE

Players

Ryosis - Winner!

  • Race: Zerg Zerg
  • Spawn Location: 11:00

CmeTanKa

  • Race: Terran Terran
  • Spawn Location: 5:00

Event: 2019 WCS Spring

VOD

Have the link to the VOD?

Description

Time

  • Played on: May 17, 2019, 7:18 a.m.
  • Length: 14:52

All games in this series

Show
View Real Time Build Order
Export as new Build Order

Ryosis Zerg - Winner!

Build Orders: Hatch First, Brood Lord Corruptor 

Get SALT Encoding   

  12  0:00  Drone  
  13  0:12  Overlord  
  13  0:16  Drone  
  14  0:31  Drone x2  
  16  0:48  Hatchery  
  15  0:51  Drone  
  15  0:55  Drone  
  17  0:58  Drone  
  18  1:09  Extractor  
  17  1:13  Spawning Pool  
  17  1:17  Drone  
  17  1:20  Drone  
  18  1:28  Drone  
  19  1:38  Drone  
  20  1:49  Drone  
  21  2:00  Queen x2  
  25  2:01  Zergling x4  
  27  2:13  Hatchery  
  26  2:18  Overlord  
  26  2:22  Drone  
  27  2:24  Drone  
  28  2:33  Metabolic Boost  
  28  2:37  Drone x2  
  28  2:38  Drone  
  28  2:43  Drone  
  32  2:46  Overlord  
  32  2:54  Queen  
  32  2:56  Drone  
  35  3:00  Drone  
  35  3:05  Drone x2  
  38  3:09  Drone x3  
  41  3:16  Overlord  
  41  3:18  Drone  
  42  3:24  Queen  
  42  3:26  Drone  
  45  3:31  Drone x2  
  46  3:35  Roach Warren  
  46  3:37  Drone x2  
  46  3:40  Overlord  
  47  3:42  Drone x2  
  47  3:47  Zergling x4  
  51  3:51  Overlord  
  51  3:55  Overlord  
  51  4:00  Drone  
  51  4:01  Drone  
  53  4:04  Extractor  
  53  4:05  Drone x2  
  53  4:08  Queen  
  56  4:11  Drone x2  
  58  4:17  Roach  
  58  4:18  Roach x3  
  58  4:19  Roach  
  58  4:22  Overlord  
  69  4:24  Drone x2  
  69  4:29  Spore Crawler  
  69  4:30  Spore Crawler  
  67  4:34  Spore Crawler, Drone  
  67  4:37  Drone x2  
  69  4:38  Drone  
  69  4:44  Drone x3  
  73  4:49  Drone x2  
  73  4:51  Lair  
  73  4:52  Drone  
  76  4:53  Overlord  
  76  4:58  Drone x3  
  79  5:01  Drone x2  
  79  5:06  Overlord  
  81  5:09  Drone  
  81  5:12  Queen x2  
  81  5:13  Extractor  
  85  5:14  Drone  
  85  5:18  Overlord  
  85  5:20  Drone x2  
  88  5:24  Extractor  
  88  5:25  Extractor  
  88  5:27  Drone x2  
  88  5:34  Overlord  
  88  5:36  Roach  
  88  5:37  Roach x6  
  102  5:44  Overlord  
  102  5:45  Drone x2  
  102  5:48  Drone x2  
  106  5:50  Evolution Chamber x2  
  106  5:51  Glial Reconstitution  
  106  5:53  Overseer, Drone x2  
  106  5:54  Extractor  
  106  5:55  Drone  
  105  5:57  Overlord  
  105  5:58  Drone  
  105  6:05  Roach x3  
  111  6:14  Overlord  
  111  6:17  Roach  
  113  6:18  Overlord  
  113  6:22  Zerg Missile Weapons Level 1  
  113  6:24  Hatchery  
  112  6:28  Roach x3  
  112  6:32  Overlord  
  118  6:35  Zerg Ground Armor Level 1  
  118  6:37  Overlord  
  118  6:42  Drone  
  118  6:43  Spire  
  118  6:44  Spore Crawler  
  118  6:45  Spore Crawler  
  118  6:46  Spore Crawler  
  115  6:55  Drone  
  115  6:56  Drone x4  
  115  7:01  Drone x3  
  101  7:28  Roach  
  101  7:29  Roach x5, Queen x3  
  101  7:47  Queen  
  101  7:49  Spore Crawler x2  
  99  7:54  Corruptor x6  
  110  8:02  Corruptor  
  102  8:15  Spire  
  99  8:25  Drone x2  
  99  8:26  Drone  
  102  8:30  Drone x10  
  112  8:38  Drone x2  
  112  8:39  Ravager  
  112  8:40  Ravager  
  116  8:43  Drone x2  
  116  8:45  Spore Crawler  
  118  8:48  Drone x2  
  118  8:51  Drone  
  116  8:59  Drone x12  
  126  9:08  Drone x2  
  128  9:10  Spore Crawler  
  128  9:11  Drone  
  128  9:13  Spore Crawler  
  128  9:14  Drone x2  
  128  9:15  Spore Crawler x2  
  128  9:16  Spore Crawler  
  126  9:27  Corruptor x5  
  136  9:34  Zerg Flyer Armor Level 1  
  136  9:37  Corruptor x2  
  140  9:41  Overlord  
  140  9:42  Drone  
  140  9:43  Infestation Pit  
  140  9:46  Extractor, Corruptor x2  
  140  9:49  Corruptor  
  143  9:55  Corruptor x2  
  143  9:57  Overlord  
  147  10:01  Corruptor  
  147  10:03  Extractor  
  147  10:05  Corruptor  
  150  10:09  Drone  
  150  10:10  Drone x2  
  153  10:19  Drone x2  
  153  10:21  Corruptor x2  
  151  10:26  Overlord  
  151  10:27  Hatchery, Roach  
  151  10:28  Roach x4  
  164  10:31  Roach x2  
  166  10:41  Drone x6  
  160  10:43  Zerg Missile Weapons Level 2  
  160  10:47  Hive  
  160  11:00  Overlord  
  160  11:03  Spore Crawler  
  159  11:05  Spine Crawler  
  159  11:11  Extractor  
  155  11:13  Extractor, Zerg Melee Weapons Level 1  
  155  11:14  Zergling x20  
  164  11:18  Pneumatized Carapace  
  164  11:19  Baneling Nest  
  164  11:20  Zergling x8  
  164  11:21  Ravager x3  
  164  11:23  Queen  
  164  11:24  Queen  
  174  11:37  Overlord x2  
  174  11:45  Hydralisk Den  
  174  11:47  Ravager x3  
  174  11:49  Roach  
  174  11:50  Roach x4  
  174  11:53  Roach x3  
  187  12:09  Greater Spire  
  187  12:10  Overlord x2, Viper  
  187  12:11  Viper x3  
  199  12:18  Centrifical Hooks  
  199  12:38  Overlord  
  199  12:40  Hatchery  
  198  13:04  Evolution Chamber x4  
  198  13:05  Evolution Chamber  
  180  13:23  Brood Lord x5  
  180  13:24  Brood Lord x5  
  200  13:34  Overlord  
  198  13:58  Overlord  
  195  14:03  Drone x3  
  195  14:04  Drone x2  
  197  14:11  Spine Crawler  
  197  14:14  Corruptor x2  
Show
View Real Time Build Order
Export as new Build Order

CmeTanKa Terran 

Build Orders:  

Get SALT Encoding   

  12  0:01  SCV  
  13  0:13  SCV  
  14  0:17  Supply Depot  
  14  0:25  SCV  
  14  0:28  Refinery  
  15  0:38  SCV  
  16  0:45  Barracks  
  16  0:50  SCV  
  17  1:03  SCV  
  18  1:15  SCV  
  20  1:33  Reaper, Orbital Command  
  20  1:49  Command Center  
  20  2:00  Factory  
  20  2:01  SCV  
  20  2:07  Barracks Reactor  
  21  2:13  Supply Depot  
  21  2:14  SCV  
  22  2:20  Refinery  
  22  2:26  SCV  
  23  2:38  SCV  
  24  2:46  Starport  
  24  2:50  SCV  
  25  2:52  Hellion x2  
  25  2:54  Marine  
  30  3:02  SCV  
  31  3:08  Orbital Command  
  31  3:14  SCV  
  33  3:20  Hellion  
  33  3:23  Viking  
  33  3:27  SCV  
  36  3:36  Fusion Core, SCV  
  36  3:39  Refinery  
  37  3:41  Hellion  
  37  3:44  Barracks Tech Lab  
  37  3:48  SCV  
  40  3:56  SCV  
  40  4:00  SCV, Starport  
  42  4:04  Refinery  
  42  4:07  Supply Depot  
  42  4:10  SCV  
  42  4:16  SCV  
  44  4:22  SCV  
  45  4:28  SCV  
  45  4:30  Supply Depot  
  46  4:33  Weapon Refit  
  46  4:34  SCV  
  47  4:41  SCV  
  48  4:46  SCV, Starport Tech Lab  
  48  4:52  Engineering Bay  
  49  4:53  SCV  
  49  4:54  Supply Depot  
  49  4:58  SCV  
  51  5:04  Factory Tech Lab  
  51  5:05  SCV  
  52  5:11  Battlecruiser  
  64  5:21  Battlecruiser  
  64  5:28  SCV  
  65  5:30  SCV  
  65  5:35  Armory  
  66  5:40  SCV  
  66  5:42  Siege Tank  
  70  6:06  Supply Depot  
  70  6:07  Factory  
  70  6:22  SCV x2  
  68  6:29  Siege Tank  
  71  6:33  Battlecruiser  
  71  6:35  SCV  
  78  6:43  Mag-Field Accelerator  
  78  6:53  Factory Tech Lab  
  78  6:59  Supply Depot x2  
  78  7:01  Command Center  
  77  7:20  SCV  
  77  7:21  Siege Tank  
  59  7:30  Widow Mine  
  55  7:38  SCV  
  54  7:49  Orbital Command  
  50  7:53  Siege Tank  
  52  8:15  SCV  
  52  8:16  SCV  
  52  8:17  Factory Tech Lab  
  54  8:31  SCV  
  54  8:33  Orbital Command  
  56  8:34  SCV  
  56  8:38  Terran Vehicle And Ship Armor Level 1  
  56  8:43  Cyclone x2  
  56  8:48  Starport Reactor  
  56  9:07  SCV, Engineering Bay  
  56  9:08  SCV x2  
  59  9:12  Supply Depot  
  59  9:13  Supply Depot x2  
  59  9:16  Cyclone  
  62  9:19  SCV  
  62  9:20  SCV x2  
  65  9:32  SCV x3  
  65  9:33  Viking x2  
  65  9:35  Cyclone  
  75  9:40  Factory  
  75  9:44  SCV, Missile Turret  
  75  9:45  Missile Turret  
  76  9:55  Missile Turret  
  76  10:00  Missile Turret  
  76  10:02  Missile Turret  
  76  10:04  Factory  
  76  10:17  Missile Turret  
  76  10:24  Cyclone x3  
  83  10:29  SCV x2  
  79  10:45  SCV x2  
  79  10:49  Terran Vehicle And Ship Armor Level 2, Orbital Command  
  81  10:50  Factory Reactor  
  81  10:53  Factory  
  81  11:11  Missile Turret  
  81  11:14  Missile Turret x2  
  81  11:15  Missile Turret  
  81  11:16  SCV  
  81  11:17  SCV x2  
  86  11:26  Hellion x2  
  86  11:28  Hellion x2  
  86  11:29  SCV  
  93  11:39  Starport Reactor  
  93  11:48  Refinery  
  93  11:49  Refinery  
  93  11:50  Supply Depot  
  93  11:52  Supply Depot x2  
  93  11:53  Supply Depot  
  93  11:58  SCV x3  
  90  12:06  Hellion x2  
  81  12:11  SCV x3  
  81  12:14  Cyclone x2  
  90  12:17  Armory  
  90  12:18  Factory Tech Lab  
  90  12:19  Viking x2  
  90  12:22  Infernal Pre-Igniter  
  92  12:23  SCV  
  92  12:25  Siege Tank  
  96  12:42  Command Center  
  96  12:44  SCV x3  
  99  12:47  Orbital Command  
  99  12:48  Hellion  
  99  12:50  Siege Tank  
  104  13:06  Orbital Command  
  98  13:13  Siege Tank  
  98  13:15  Siege Tank  
  96  13:45  Hellion  
  96  13:46  Siege Tank  
  93  13:49  SCV x2, Siege Tank  
  93  13:50  Hellion, Siege Tank x2  
  106  14:04  Viking x3  
  106  14:07  Hellion  
  102  14:19  Viking  
Tags
 
Add a new tag
Caveats
  • Supply blocks, unpowered buildings, or Contaminate may cause inaccurate times.
  • Supply counts are checked every 10 seconds.